[Event "*** SCC Grand Prix: Titled Tuesday Blitz"]
[Site "Chess.com"]
[Date "2020.07.07"]
[Round "8"]
[White "Jbd735"]
[Black "ArnieChipmunk"]
[Result "1-0"]
[WhiteElo "2437"]
[BlackElo "2313"]
[TimeControl "180+1"]
[EndTime "11:36:17 PDT"]
[Termination "Jbd735 won by resignation"]

1. e4 d5 2. Nc3 Nf6 3. d3 dxe4 4. Nxe4 Nxe4 5. dxe4 Qxd1+ 6. Kxd1 e5 7. Bc4 Nc6 8.
Be3 f6 9. c3 Bg4+ 10. Kc2 O-O-O 11. f3 Bd7 12. b4 Bd6 13. Ne2 Rhe8 14. a4 Be6 15.
Bb5 Bd7 16. Rhd1 a6 17. Bc4 Be6 18. Bd5 Bxd5 19. exd5 Ne7 20. Kb3 c6 21. Bb6 Bc7 22. Bxc7 Kxc7 23. dxc6 Nxc6 24. a5 Rd7 25. Rxd7+ Kxd7 26. Rd1+ Ke6 27. c4 f5 28. Rd5 Rd8 29. Rxd8 Nxd8 30.
b5 Kd6 31. Kb4 Ne6 32. Nc3 Nc5 33. bxa6 bxa6 34. Nd5 Nd3+ 35. Kc3 Ne1 36. Nb4 Nxg2 37. Nxa6 Ne1 38. Nb4 Nxf3 39. a6 Kc7 40. c5 Nd4 41.
Kc4 Nc6 42. Nd5+ Kb8 43. Kb5 Nd4+ 44. Kb6 Ne6 45. c6 e4 46. c7+ 1-0

[Event "*** SCC Grand Prix: Titled Tuesday Blitz"]
[Site "Chess.com"]
[Date "2020.07.07"]
[Round "8"]
[White "poppy73"]
[Black "teacher4chess"]
[Result "1-0"]
[WhiteElo "2216"]
[BlackElo "2010"]
[TimeControl "180+1"]
[EndTime "11:36:17 PDT"]
[Termination "poppy73 won by resignation"]

1. e4 d6 2. d4 e5 3. Nf3 exd4 4.
Nxd4 Nf6 5. Nc3 Be7 6. Be2 Nc6 7. O-O O-O 8. Re1 Nxd4 9. Qxd4 b6 10. f4 Bb7 11. Bf3 Rb8 12. Be3 Nd7 13. Rad1 Nc5 14. Nd5 Bxd5 15. Qxd5 Na4 16. Qb5 Qe8 17. Qb3 Nc5 18. Qd5 Bf6 19. e5 dxe5 20. Bxc5 bxc5 21. fxe5 Bg5 22. b3 Qb5 23. a4 Qb6 24. e6 fxe6 25. Rxe6 Qa5 26. Ra6+ Kh8 27. Rxa5 Rbd8 28. Qxd8 Bxd8 29.
Rxa7 Bf6 30. Rxc7 Bd4+ 31. Kh1 g5 32. h3 h5 33. Re1 g4 34. hxg4 hxg4 35. Bxg4 Rf4 36.
Re8+ 1-0

[Event "*** SCC Grand Prix: Titled Tuesday Blitz"]
[Site "Chess.com"]
[Date "2020.07.07"]
[Round "8"]
[White "mikheeva86"]
[Black "Vandros57"]
[Result "0-1"]
[WhiteElo "1912"]
[BlackElo "2107"]
[TimeControl "180+1"]
[EndTime "11:36:18 PDT"]
[Termination "Vandros57 won by resignation"]

1. e4 c5 2. Nc3 e6 3. g3 d5 4. exd5 exd5 5. Bg2 d4 6. Qe2+ Be7 7. Ne4 Be6 8. f4 Qd7 9. f5 Bxf5 10. Nxc5 Qc7 11.
Bxb7 Qxc5 12. Bxa8 d3 13. cxd3 Nf6 14. Be4 Bg4 15.
Qe3 Qc2 16. Nf3 Nxe4 17. dxe4 O-O 18. O-O Nc6 19. Kh1 Rd8 20. a4 Rd3 21. Qf4 h5 22.
Qxf7+ Kxf7 23. Nd4+ Bf3+ 24. Rxf3+ Rxf3 25. Nxc2 Ke6 26. b3 Rxb3 27. Ba3 Bxa3 28. Rxa3 Rb2 29. Rc3 Ne5 30. d4 Ng4 31. h3 Nf2+ 32. Kh2 Nxe4 33. Re3 Kd5 0-1

[Event "*** SCC Grand Prix: Titled Tuesday Blitz"]
[Site "Chess.com"]
[Date "2020.07.07"]
[Round "8"]
[White "ailime26"]
[Black "Safar_From_Afar"]
[Result "0-1"]
[WhiteElo "1862"]
[BlackElo "2150"]
[TimeControl "180+1"]
[EndTime "11:36:18 PDT"]
[Termination "Safar_From_Afar won on time"]

1. e4 c5 2. Nf3 d6 3. d4 cxd4 4. Nxd4 Nf6 5. Nc3 Nc6 6. Be3 Ng4 7. Bb5 Nxe3 8. fxe3 Bd7 9. O-O e6 10. Qf3 Ne5 11. Bxd7+ Qxd7 12. Qe2 a6 13. Rad1 Be7 14. Nf3 Bf6 15. Qd2 Nc4 16. Qc1 Rc8 17. Rd3 Ne5 18.
Nxe5 Bxe5 19. Qd2 O-O 20. Rf3 b5 21. Nd1 Rc4 22. Nf2 h5 23. Rh3 g6 24. b3 Rc6 25. g4 h4 26. Rxh4 Rfc8 27. c4 bxc4 28. bxc4 Rxc4 29. g5 Rc1+ 30. Kg2 R8c2 31. Qb4 Rxa2 32.
Qb8+ Rc8 33. Qb3 Rcc2 34. Kh3 Rab2 0-1

[Event "*** SCC Grand Prix: Titled Tuesday Blitz"]
[Site "Chess.com"]
[Date "2020.07.07"]
[Round "8"]
[White "CookiesAndIceCream"]
[Black "crazychessbr"]
[Result "1-0"]
[WhiteElo "2338"]
[BlackElo "2046"]
[TimeControl "180+1"]
[EndTime "11:36:18 PDT"]
[Termination "CookiesAndIceCream won on time"]

1. e4 e6 2. d4 d5 3. Nd2 Nc6 4. Ngf3 Nf6 5. e5 Nd7 6. Bd3 f6 7. Ng5 Ndxe5 8. dxe5 fxg5 9. Qh5+ g6 10. Bxg6+ Kd7 11. c4 dxc4 12. Nxc4 hxg6 13. Qxg6 Bb4+ 14. Kf1 b6 15. Bxg5 Qg8 16. Rd1+ Bd6 17. Qxg8 Rxg8 18. Bf4 Ba6 19. b3 Raf8 20. Bg3 Bxc4+ 21. bxc4 Rxg3 22. hxg3 Nxe5 23. Rd4 c5 24. Re4 Nd3 25. Rh7+ Kc6 26. f3 e5 27. Rxa7 Rh8 28. Ke2 Nb4 29. a3 Na2 30. Kd3 Rh2 31. g4 Rxg2 32. Rh7 Nc1+ 33. Kc3 Ne2+ 34. Kb3 Nf4 35. Rh6 Kc7 36. Rh7+ Kc6 37.
Rh6 Kc7 38. Ka4 Rb2 39. Re3 Rb3 40. Rxb3 1-0

[Event "*** SCC Grand Prix: Titled Tuesday Blitz"]
[Site "Chess.com"]
[Date "2020.07.07"]
[Round "8"]
[White "praveenb2002"]
[Black "Brave_spirit12"]
[Result "1-0"]
[WhiteElo "2708"]
[BlackElo "2491"]
[TimeControl "180+1"]
[EndTime "11:36:19 PDT"]
[Termination "praveenb2002 won by resignation"]

1. e4 e6 2. d4 d5 3. Nc3 Nf6 4. e5 Nfd7 5. f4 c5 6. Nf3 Nc6 7. Be3 Qb6 8. Na4 Qa5+ 9. c3 cxd4 10. b4 Nxb4 11. cxb4 Bxb4+ 12. Bd2 Bxd2+ 13. Nxd2 b6 14. Bd3 Ba6 15. Nb2 Nc5 16. Bxa6 Qxa6 17. Qe2 Qa3 18. Qb5+ Ke7 19. O-O Rhc8 20. Rf3 d3 21. Nxd3 Qc3 22.
Rd1 a6 23. Qb1 Na4 24. Nb3 Qc4 25. Nb2 Nxb2 26. Qxb2 a5 27. Nd4 Rab8 28. Rb3 b5 29. Rxb5 Qa4 30. Rb1 Rxb5 31. Nxb5 f6 32. Nd6 Rc7 33. Qb8 Qd4+ 34. Kh1 Kd7 1-0

[Event "*** SCC Grand Prix: Titled Tuesday Blitz"]
[Site "Chess.com"]
[Date "2020.07.07"]
[Round "8"]
[White "mirochka"]
[Black "The_Machine04"]
[Result "1-0"]
[WhiteElo "2147"]
[BlackElo "2261"]
[TimeControl "180+1"]
[EndTime "11:36:19 PDT"]
[Termination "mirochka won on time"]

1. e4 d6 2. d4 Nf6 3. Nc3 e5 4. Nf3 Nbd7 5. Bc4 Be7 6. a4 O-O 7. O-O c6 8. h3 Qc7 9. Be3 b6 10.
Re1 a6 11. Bb3 Bb7 12. Qe2 b5 13. axb5 axb5 14. Rxa8 Rxa8 15. Ng5 Rf8 16. f4 h6 17. fxe5 dxe5 18. Nf3 Re8 19. d5 Bc5 20. dxc6 Bxc6 21. Bxc5 Nxc5 22. Nxb5 Bxb5 23. Qxb5 Rb8 24. Qc4 Qa7 25. Kh2 Nxb3 26. cxb3 Qa5 27. Rf1 Qb5 28.
Re1 Kf8 29. Rd1 Qxc4 30. bxc4 Rxb2 31. Nxe5 Nxe4 32. Rc1 Ke7 33. c5 f6 34. Nd3 Rd2 35. Nf4 1-0

[Event "*** SCC Grand Prix: Titled Tuesday Blitz"]
[Site "Chess.com"]
[Date "2020.07.07"]
[Round "8"]
[White "abykhovsky"]
[Black "Alexander_Zubov"]
[Result "0-1"]
[WhiteElo "2685"]
[BlackElo "2937"]
[TimeControl "180+1"]
[EndTime "11:36:20 PDT"]
[Termination "Alexander_Zubov won by resignation"]

1. d4 Nf6 2. Nf3 g6 3. c4 Bg7 4.
Nc3 d5 5. cxd5 Nxd5 6. e4 Nxc3 7.
bxc3 c5 8. Rb1 O-O 9. Be2 cxd4 10. cxd4 Qa5+ 11. Bd2 Qxa2 12. O-O Qe6 13. Bd3 b6 14. d5 Qd7 15. Bb5 Qd8 16. Bg5 Ba6 17. Bxa6 Nxa6 18.
Nd4 Qd7 19. Nc6 Rfe8 20. Qf3 Nc5 21. Rfd1 e6 22. h4 exd5 23. exd5 Ne4 24. Rbc1 Nxg5 25.
hxg5 Qd6 26. Re1 a5 27. Qb3 Rxe1+ 28. Rxe1 Qc5 29. Qf3 Rf8 30. Rd1 Qd6 31. Qb3 Re8 32. Qxb6 a4 33. Qa7 a3 34. Qa4 Bb2 35. g3 Kg7 36.
Kg2 Re2 37. Qc4 Re8 38. Qb3 Ra8 39. Qa2 h6 40. Rd2 hxg5 0-1

[Event "*** SCC Grand Prix: Titled Tuesday Blitz"]
[Site "Chess.com"]
[Date "2020.07.07"]
[Round "8"]
[White "ClassyEl"]
[Black "Chuchofrio1"]
[Result "1-0"]
[WhiteElo "2450"]
[BlackElo "2230"]
[TimeControl "180+1"]
[EndTime "11:36:20 PDT"]
[Termination "ClassyEl won by checkmate"]

1. d4 f5 2. Nc3 Nf6 3. Bg5 e6 4. e4 fxe4 5. Nxe4 Be7 6. Bxf6 Bxf6 7. Nf3 O-O 8. Bd3 Nc6 9. c3 d6 10. Qc2 e5 11. Nxf6+ Qxf6 12. Bxh7+ Kh8 13. dxe5 Nxe5 14. Be4 Nxf3+ 15. Bxf3 Bf5 16. Qd2 Rae8+ 17. Kf1 Qg6 18. Kg1 Bh3 19. Bxb7 Bg4 20. h3 Bh5 21. Re1 Rxe1+ 22.
Qxe1 Re8 23. Qc1 Re2 24. g4 Qe8 25. Kg2 Bg6 26. Bf3 Be4 27. Qf4 Bxf3+ 28. Qxf3 Rxb2 29. a4 Qxa4 30. Re1 Rb8 31. Re7 Re8 32. Rxc7 a5 33. Ra7 Qb5 34. Qf7 Qe5 35. Rxa5 Qe4+ 36. Kg3 Qd3+ 37.
Kh4 Re5 38. Rxe5 dxe5 39. Qf8+ Kh7 40. Qf5+ Qxf5 41. gxf5 Kg8 42. Kg5 Kf7 43. c4 Ke7 44. Kg6 Kd6 45. Kxg7 Kc5 46. f6 Kxc4 47. f7 Kd3 48. f8=Q Ke2 49. Qf5 e4 50. Qxe4+ Kxf2 51. h4 Kg3 52. h5 Kh3 53. h6 Kh2 54. h7 Kg1 55. Qe2 Kh1 56. h8=Q+ Kg1 57. Qhh2# 1-0

[Event "*** SCC Grand Prix: Titled Tuesday Blitz"]
[Site "Chess.com"]
[Date "2020.07.07"]
[Round "8"]
[White "MergenKakabaev"]
[Black "Bigfish1995"]
[Result "0-1"]
[WhiteElo "2452"]
[BlackElo "3034"]
[TimeControl "180+1"]
[EndTime "11:36:21 PDT"]
[Termination "Bigfish1995 won by resignation"]

1. e4 c6 2. d4 d5 3. e5 c5 4.
dxc5 e6 5. Be3 Qc7 6. Nf3 Bxc5 7. Bxc5 Qxc5 8. Nc3 Bd7 9. Qd2 Ne7 10. O-O-O a6 11.
Kb1 Nbc6 12. Bd3 Ng6 13. Bxg6 hxg6 14. Ne4 dxe4 15. Qxd7+ Kf8 16. Ng5 Qe7 17. Nxe4 Nxe5 18. Qd4 Nc6 19. Qe3 Rh5 20. g4 Rh4 21. h3 Kg8 22.
Rd2 Rf8 23. Rhd1 Rh8 24. Rd7 Qh4 25. Qc3 Qxh3 26. Rxb7 Qxc3 27. Nxc3 Ne5 28. g5 Rh2 29. f4 Nc4 30. Ne4 Ne3 31. Rc1 Rh4 32. c4 Rxf4 33.
Nd6 Nf5 34. Nxf5 gxf5 35. c5 Rd4 36. c6 Rdd8 37. c7 Rc8 38. b4 f4 39. a4 e5 40. b5 axb5 41. axb5 f3 42. b6 e4 43.
Ra7 e3 44. Ra3 Rfe8 45. Rf1 e2 46. Raxf3 exf1=Q+ 47.
Rxf1 Re6 0-1

[Event "*** SCC Grand Prix: Titled Tuesday Blitz"]
[Site "Chess.com"]
[Date "2020.07.07"]
[Round "8"]
[White "RitvarsReimanis"]
[Black "kingofkolkata"]
[Result "1-0"]
[WhiteElo "2568"]
[BlackElo "2416"]
[TimeControl "180+1"]
[EndTime "11:36:21 PDT"]
[Termination "RitvarsReimanis won by resignation"]

1. d4 d5 2. c4 e6 3. Nf3 Nf6 4. Nc3 Bb4 5. cxd5 exd5 6. Bg5 Nbd7 7. e3 c5 8. Rc1 Qa5 9. Nd2 cxd4 10. exd4 O-O 11.
Be2 Bxc3 12. bxc3 Qxa2 13. O-O Qa5 14. Bf3 h6 15. Bh4 b5 16. c4 bxc4 17. Nxc4 dxc4 18. Bxa8 c3 19. Re1 Ba6 20. Bf3 Rc8 21. Ra1 Qb6 22.
Qa4 Bd3 23. Qxa7 Qxa7 24. Rxa7 Nb6 25. Bg3 Nbd5 26. Ra3 Bg6 27. Rc1 c2 28. Rb3 Nc3 29. Rb2 Ncd5 30. Bd6 Rc3 31. Kf1 Bd3+ 32. Ke1 Kh7 33.
Kd2 Ra3 34. Bxa3 Nf4 35. g3 Be4 36. gxf4 Bxf3 37. Rbxc2 Ne4+ 38. Ke3 Bg2 39. f3 Nd6 40.
Bxd6 Bxf3 41. Kxf3 1-0

[Event "*** SCC Grand Prix: Titled Tuesday Blitz"]
[Site "Chess.com"]
[Date "2020.07.07"]
[Round "8"]
[White "Vesper2018"]
[Black "dopolian"]
[Result "1-0"]
[WhiteElo "2550"]
[BlackElo "2419"]
[TimeControl "180+1"]
[EndTime "11:36:21 PDT"]
[Termination "Vesper2018 won by resignation"]

1. e4 e5 2. Nf3 Nc6 3. Bc4 Bc5 4. d3 Nf6 5. Bg5 O-O 6. c3 h6 7. Bh4 g5 8. Bg3 d6 9. O-O Bb6 10. Nbd2 Bg4 11. Re1 Nh5 12. Nf1 Qf6 13. Ne3 Bxf3 14. Qxf3 Qxf3 15. gxf3 Ne7 16. h4 Kg7 17. hxg5 hxg5 18.
Kg2 f6 19. Rh1 Rh8 20. Rh3 f5 21. Nxf5+ Nxf5 22. exf5 Nf6 23. Be6 Rxh3 24. Kxh3 Rh8+ 25. Kg2 a5 26. Rd1 Nh5 27. d4 exd4 28. cxd4 Nf4+ 29. Bxf4 gxf4 30. d5 Kf6 31. Re1 Rh7 32. Re4 Rg7+ 33. Kf1 Rh7 34. Rxf4 Rh2 35. Rg4 Rxf2+ 36. Ke1 Rxb2 37.
Rg6+ Ke5 38. f6 Kd4 39. f7 Kd3 40. Bf5+ Ke3 41. f8=Q Re2+ 42. Kd1 Bd4 43. Re6+ Be5 44. Rxe5+ dxe5 45. Qc5+ Kxf3 46. Bg4+ 1-0

[Event "*** SCC Grand Prix: Titled Tuesday Blitz"]
[Site "Chess.com"]
[Date "2020.07.07"]
[Round "8"]
[White "diablanni"]
[Black "gumimis"]
[Result "1-0"]
[WhiteElo "2302"]
[BlackElo "2173"]
[TimeControl "180+1"]
[EndTime "11:36:21 PDT"]
[Termination "diablanni won by checkmate"]

1. e4 c6 2. d4 d5 3. Nc3 dxe4 4. Nxe4 Bf5 5. Ng3 Bg6 6. h4 h6 7. Nf3 e6 8. Ne5 Bh7 9. Bd3 Bxd3 10. Qxd3 Nf6 11.
Bf4 c5 12. O-O-O Nd5 13. Qb5+ Nd7 14. dxc5 Rc8 15. b4 a6 16. Qa4 b5 17. Qb3 Be7 18. Nf5 exf5 19. Rxd5 Rc7 20. c6 O-O 21. Rxd7 Rxd7 22.
Nxd7 Re8 23. Rd1 Bxh4 24. Ne5 Qe7 25. Rd7 Qe6 26. Qxe6 fxe6 27. c7 Rc8 28. Nc6 Kf8 29. Bd6+ Ke8 30. Rxg7 Bg5+ 31. Kb1 e5 32. Nxe5 Bf6 33.
Rg8# 1-0

[Event "*** SCC Grand Prix: Titled Tuesday Blitz"]
[Site "Chess.com"]
[Date "2020.07.07"]
[Round "8"]
[White "GothamChess"]
[Black "DenLaz"]
[Result "0-1"]
[WhiteElo "2583"]
[BlackElo "2700"]
[TimeControl "180+1"]
[EndTime "11:36:22 PDT"]
[Termination "DenLaz won on time"]

1. e4 e5 2. Nc3 Nf6 3. f4 d5 4. fxe5 Nxe4 5. Qf3 f5 6. d3 Nxc3 7. bxc3 d4 8. Qg3 Nc6 9. Be2 Qd5 10. Bf4 dxc3 11. Bf3 Qf7 12. Bxc6+ bxc6 13. Nf3 h6 14. h4 Be6 15. O-O Bc5+ 16. d4 Bb6 17.
Qe1 c5 18. Qxc3 cxd4 19. Qc6+ Ke7 20. Bc1 Qh5 21. Ba3+ Kf7 22. Bc5 Rad8 23. Rad1 d3 24. cxd3 Rhe8 25. d4 Bd5 26. Qb5 Re6 27. Bxb6 cxb6 28.
Qa6 Rg6 29. Qe2 Kg8 30. Rd2 Rg4 31. Kf2 Re8 32. Rh1 Re6 33. Qd3 Reg6 34. Rh2 Rf4 35. Ke1 Bxf3 36. gxf3 Rxf3 37. Qc4+ Kh7 0-1

[Event "*** SCC Grand Prix: Titled Tuesday Blitz"]
[Site "Chess.com"]
[Date "2020.07.07"]
[Round "8"]
[White "Gusarov91"]
[Black "S2PAc"]
[Result "1-0"]
[WhiteElo "2649"]
[BlackElo "2755"]
[TimeControl "180+1"]
[EndTime "11:36:23 PDT"]
[Termination "Gusarov91 won by resignation"]

1. d4 Nf6 2. Nf3 e6 3. c4 c5 4. d5 exd5 5. cxd5 Bd6 6. Nc3 Bc7 7. d6 Ba5 8. Bg5 Qb6 9. Bxf6 Qxb2 10. Bxg7 Bxc3+ 11. Bxc3 Qxc3+ 12. Nd2 Nc6 13. Rc1 Qd4 14. Nb3 Qxd1+ 15.
Kxd1 b6 16. e4 Bb7 17. f4 Kf8 18. e5 Rg8 19. Rb1 f6 20. Nxc5 Bc8 21. Nd3 fxe5 22. Nxe5 Nxe5 23. fxe5 Rg5 24. Bd3 Bb7 25. Rf1+ Kg7 26.
Rb2 Bxg2 27. Rf5 Rg4 28. Be2 Rg6 29. Bb5 Bh3 30. Rff2 Re8 31. Rb3 Bg4+ 32. Kc1 Rxe5 33. Bd3 Rgg5 34. h4 Rh5 35. Rg2 Rxh4 36. Rb4 h5 37.
Kb2 Rh3 38. Bb5 Kh6 39. Rbxg4 h4 40. Rg6+ Kh5 41. Bxd7 Rhe3 42. Rg8 Re2+ 43. Rxe2 Rxe2+ 44. Kc3 Re3+ 45. Kd4 1-0

[Event "*** SCC Grand Prix: Titled Tuesday Blitz"]
[Site "Chess.com"]
[Date "2020.07.07"]
[Round "8"]
[White "saraswathii"]
[Black "Shuvalov"]
[Result "1-0"]
[WhiteElo "2357"]
[BlackElo "2495"]
[TimeControl "180+1"]
[EndTime "11:36:26 PDT"]
[Termination "saraswathii won by resignation"]

1. e4 e6 2. d3 d5 3. Nd2 c5 4. Ngf3 Nc6 5. g3 Nf6 6. Bg2 Be7 7. O-O O-O 8. Qe2 b5 9. e5 Nd7 10. c3 a5 11. Re1 Ba6 12. Nf1 b4 13. Bf4 a4 14. a3 bxc3 15. bxc3 Rb8 16. Ne3 Rb3 17. Qd2 d4 18. Nd1 Bb7 19. cxd4 cxd4 20. Nb2 Nc5 21. Rec1 Qa8 22. Qc2 Rxb2 23. Qxb2 Nxd3 24.
Qc2 Nxc1 25. Qxc1 Rd8 26. Nd2 Na5 27. Bf1 Nb3 28. Nxb3 axb3 29. Qc7 Bf8 30. Qb6 Bd5 31. Qxd4 b2 32. Qxb2 Rb8 33. Qd4 h6 34. a4 Rb2 35.
Qxb2 Qb7 36. Qxb7 Bxb7 37. a5 Ba8 38. a6 Bc5 39. Bg2 Bb7 40. axb7 Bxf2+ 41. Kxf2 1-0

[Event "*** SCC Grand Prix: Titled Tuesday Blitz"]
[Site "Chess.com"]
[Date "2020.07.07"]
[Round "8"]
[White "Quiet_Desperation"]
[Black "Tashik"]
[Result "0-1"]
[WhiteElo "2226"]
[BlackElo "2380"]
[TimeControl "180+1"]
[EndTime "11:36:26 PDT"]
[Termination "Tashik won by resignation"]

1. d4 Nf6 2. Nf3 d5 3. c4 e6 4. Nc3 c5 5. cxd5 Nxd5 6. e4 Nxc3 7. bxc3 cxd4 8. cxd4 Bb4+ 9. Bd2 Bxd2+ 10. Qxd2 O-O 11.
Bd3 Nc6 12. e5 Qa5 13. Qxa5 Nxa5 14. O-O Bd7 15. Be4 Bc6 16. Bxc6 Nxc6 17. Rab1 b6 18. Rfc1 Rac8 19. Rc4 Na5 20. Rxc8 Rxc8 21. h4 Kf8 22. Rd1 Rc2 23. d5 exd5 24. Rxd5 Rxa2 25. Rd7 Nc6 26. Rc7 Nd8 27. Ng5 h6 28. Ne4 Ne6 29. Rb7 Nc5 30. Rb8+ Ke7 31. Nd6 Ke6 32. f4 Nd3 33. g3 Ne1 34.
Re8+ Kd7 35. Rf8 Nf3+ 36. Kf1 Ke6 37. Rxf7 Nd2+ 38. Kg1 Nf3+ 39. Kf1 Nd2+ 40. Ke1 Ne4 41. Rxg7 Nxd6 42. Rg6+ Kf5 43. Rxd6 b5 44. Rf6+ Ke4 45. e6 Ke3 46. Kd1 Kd3 47. Ke1 b4 48. Kf1 b3 49. e7 b2 50. Re6 b1=Q+ 51. Re1 Qxe1+ 52. Kxe1 Re2+ 0-1

[Event "*** SCC Grand Prix: Titled Tuesday Blitz"]
[Site "Chess.com"]
[Date "2020.07.07"]
[Round "8"]
[White "swimmerchess"]
[Black "JozefKneht"]
[Result "1/2-1/2"]
[WhiteElo "2810"]
[BlackElo "2499"]
[TimeControl "180+1"]
[EndTime "11:36:28 PDT"]
[Termination "Game drawn by repetition"]

1. e4 e5 2. Nf3 Nc6 3. Bb5 a6 4. Ba4 Nf6 5. O-O Nxe4 6. d4 b5 7. Bb3 d5 8. dxe5 Be6 9. Qe2 Be7 10. Rd1 O-O 11. c4 bxc4 12. Bxc4 Bc5 13. Be3 Bxe3 14. Qxe3 Qb8 15. Bb3 Na5 16. Nd4 c5 17. Nxe6 fxe6 18. f3 c4 19. fxe4 cxb3 20. exd5 bxa2 21. Rxa2 Nc4 22.
Qd4 Qb3 23. Nc3 Rac8 24. Rb1 Ne3 25. Qxe3 Rxc3 26. Qxc3 Qxa2 27. Rd1 exd5 28. Qd4 Qc4 29. Qb6 d4 30. h3 d3 31. e6 Re8 32. e7 d2 33. Qe3 Qf7 34. Rxd2 Qxe7 35. Qb3+ Qe6 36. Qb4 Qe1+ 37. Kh2 Qe5+ 38. g3 h6 39. Qg4 Rb8 40. b3 Kh8 41. Qc4 Kh7 42. Re2 Qf5 43. Kg2 a5 44. Rf2 Qb1 45. Rf3 Qb2+ 46. Kg1 Qb1+ 47.
Kg2 Qb2+ 48. Kg1 Qb1+ 49. Kg2 1/2-1/2

[Event "*** SCC Grand Prix: Titled Tuesday Blitz"]
[Site "Chess.com"]
[Date "2020.07.07"]
[Round "8"]
[White "MasterKroket"]
[Black "SCIM"]
[Result "1-0"]
[WhiteElo "2419"]
[BlackElo "2535"]
[TimeControl "180+1"]
[EndTime "11:36:28 PDT"]
[Termination "MasterKroket won by resignation"]

1. d4 Nf6 2. c4 g6 3. Nc3 d5 4. cxd5 Nxd5 5. e4 Nxc3 6. bxc3 Bg7 7. Be3 c5 8. Qd2 Qa5 9. Nf3 O-O 10. Rb1 a6 11.
Rc1 Bg4 12. Ng5 cxd4 13. cxd4 Qxd2+ 14. Kxd2 h6 15. h3 Bd7 16. Nf3 Rd8 17. Bd3 Nc6 18. a3 Na5 19. Rc3 Ba4 20. Rb1 b5 21.
e5 e6 22. Ke2 Rac8 23. Rbc1 Rxc3 24. Rxc3 Bf8 25. Nd2 Kg7 26. Ne4 Nb3 27. Nd6 Bxd6 28.
exd6 Rxd6 29. Bf4 Nxd4+ 30. Ke3 Rd7 31. Be5+ f6 32. Bxd4 e5 33. Bb6 f5 34. Rc7 Rxc7 35.
Bxc7 Kf6 36. Kd2 Bb3 37. Kc3 Bd5 38. Bf1 g5 39. Kb4 f4 40. Kc5 Be6 41. Bd8+ Kf5 42. Bd3+ e4 43. Bc2 Bc4 44. f3 Bd3 45. Bxd3 exd3 46. Ba5 Ke5 47. Bc3+ Ke6 48. Kd4 h5 49. Kxd3 Kd5 50. Bf6 g4 51. hxg4 hxg4 52. fxg4 1-0

[Event "*** SCC Grand Prix: Titled Tuesday Blitz"]
[Site "Chess.com"]
[Date "2020.07.07"]
[Round "8"]
[White "Reader777"]
[Black "Zq1"]
[Result "0-1"]
[WhiteElo "2654"]
[BlackElo "2537"]
[TimeControl "180+1"]
[EndTime "11:36:30 PDT"]
[Termination "Zq1 won by resignation"]

1. d4 Nf6 2. c4 a6 3. Nc3 c5 4. Nf3 cxd4 5. Nxd4 d5 6. e3 e6 7. Be2 Be7 8. O-O dxc4 9. Bxc4 O-O 10. b3 b5 11. Be2 Bb7 12. Bb2 Nbd7 13. Rc1 Rc8 14.
Qd2 Nc5 15. Rfd1 Qb6 16. b4 Nce4 17. Nxe4 Nxe4 18. Qe1 Bf6 19. Rxc8 Rxc8 20. Rc1 Rd8 21. Bf3 Nd6 22. Bxb7 Qxb7 23. Bc3 Nc4 24. Nb3 Bxc3 25. Qxc3 Qd5 26. h3 e5 27. Nc5 Rd6 28. a4 h6 29. axb5 axb5 30. Ra1 Qd2 31. Qxd2 Rxd2 32. Ra8+ Kh7 33. Rb8 Rd1+ 34. Kh2 Nd2 35. g3 f5 36. Rxb5 Nf3+ 37. Kg2 e4 38. h4 g5 39. Rb7+ Kg6 40. Rb6+ Kh5 41. Nxe4 fxe4 42. g4+ Kxg4 0-1

[Event "*** SCC Grand Prix: Titled Tuesday Blitz"]
[Site "Chess.com"]
[Date "2020.07.07"]
[Round "8"]
[White "Mikhail_Golubev"]
[Black "Iskusnyh"]
[Result "0-1"]
[WhiteElo "2596"]
[BlackElo "2468"]
[TimeControl "180+1"]
[EndTime "11:36:30 PDT"]
[Termination "Iskusnyh won on time"]

1. e4 e6 2. d4 d5 3. Nc3 Nf6 4. Bg5 dxe4 5. Nxe4 Nbd7 6. Nf3 h6 7. Nxf6+ Nxf6 8.
Bxf6 Qxf6 9. Bb5+ c6 10. Bd3 g6 11. Qe2 Bg7 12. c3 O-O 13. h4 Rd8 14. Rd1 Bd7 15. h5 g5 16. O-O Be8 17. Nd2 b6 18. Ne4 Qf4 19. g3 Qc7 20. f4 gxf4 21. Rxf4 c5 22. Kh2 cxd4 23. Nf6+ Bxf6 24. Rxf6 dxc3 25. Rxh6 Rd4 26.
Kh3 c2 27. Bxc2 Rad8 28. Rxd4 Rxd4 29. Qe3 Qc5 30. Be4 Kf8 31. Rh8+ Ke7 32. h6 Qh5+ 33. Kg2 Qe5 34. h7 Qxh8 35. Qg5+ f6 36. Qf4 f5 0-1

[Event "*** SCC Grand Prix: Titled Tuesday Blitz"]
[Site "Chess.com"]
[Date "2020.07.07"]
[Round "8"]
[White "politeplayer"]
[Black "Siniauski"]
[Result "0-1"]
[WhiteElo "2253"]
[BlackElo "2465"]
[TimeControl "180+1"]
[EndTime "11:36:30 PDT"]
[Termination "Siniauski won by resignation"]

1. d4 Nf6 2. Nf3 b6 3. c3 Bb7 4.
Bg5 e6 5. Nbd2 Be7 6. g3 O-O 7. Bg2 d6 8. Qc2 Nbd7 9. e4 h6 10. Bf4 Re8 11. O-O Bf8 12. Rae1 e5 13. dxe5 dxe5 14. Be3 Ng4 15. Nh4 Ba6 16. c4 Nxe3 17. Rxe3 Nc5 18. Rd1 Ne6 19. Ndf3 Qf6 20. Bh3 Bc5 21.
Ree1 g6 22. Rd5 Nd4 23. Nxd4 Bxd4 24. Bg2 Bxc4 25. Rxd4 exd4 26. Qxc4 Rac8 27. Nf3 c5 28. e5 Qf5 29. Nh4 Qd7 30. a4 Kg7 31. Nf3 a6 32. h4 b5 33. axb5 axb5 34. Qc1 c4 35. Kh2 d3 36.
Bh3 Qd5 37. Bxc8 Qxf3 38. Bd7 Qxf2+ 39. Kh3 d2 40. Qc3 dxe1=Q 41. Qxe1 Qxe1 42. Bxe8 Qxe5 0-1

[Event "*** SCC Grand Prix: Titled Tuesday Blitz"]
[Site "Chess.com"]
[Date "2020.07.07"]
[Round "8"]
[White "Blagorod"]
[Black "Zmof"]
[Result "1/2-1/2"]
[WhiteElo "2093"]
[BlackElo "2193"]
[TimeControl "180+1"]
[EndTime "11:36:30 PDT"]
[Termination "Game drawn by repetition"]

1. e4 c5 2. Nc3 a6 3. g3 b5 4. Bg2 Bb7 5. d3 e6 6. f4 d5 7. e5 Ne7 8. Nf3 Nbc6 9. O-O Nf5 10. g4 Nh4 11. Nxh4 Qxh4 12. h3 Be7 13. Bd2 O-O 14. g5 g6 15. Be1 Qh5 16. Qxh5 gxh5 17. Bf3 Nd4 18. Bd1 h6 19. gxh6 Kh7 20. Ne2 Rg8+ 21.
Kh2 Nf5 22. Bf2 d4 23. Ng3 Nxg3 24. Bxg3 Kxh6 25. Bf3 Bxf3 26. Rxf3 Rg7 27. Rg1 Rag8 28. Bf2 Rxg1 29. Bxg1 Bh4 30. Bf2 Bxf2 31. Rxf2 h4 32. Rf3 Rg6 33. Rf2 Kg7 34. f5 Rg3 35. fxe6 fxe6 36.
Rf4 Re3 37. Rxh4 Re2+ 38. Kg3 Rxc2 39. Rg4+ Kf7 40. h4 Rxb2 41. h5 Rd2 42. h6 Rxd3+ 43. Kg2 Rd2+ 44. Kg3 Rd3+ 45. Kg2 Rd2+ 46. Kg3 Rd3+ 1/2-1/2

[Event "*** SCC Grand Prix: Titled Tuesday Blitz"]
[Site "Chess.com"]
[Date "2020.07.07"]
[Round "8"]
[White "Shield12"]
[Black "vpsetter"]
[Result "1-0"]
[WhiteElo "2841"]
[BlackElo "2644"]
[TimeControl "180+1"]
[EndTime "11:36:32 PDT"]
[Termination "Shield12 won on time"]

1. e4 e5 2. Nf3 Nc6 3. Nc3 Nf6 4. Be2 Bd6 5. O-O O-O 6. a3 Re8 7. Re1 Bf8 8. h3 Nd4 9. Bc4 c6 10. d3 Nxf3+ 11. Qxf3 h6 12. Be3 d6 13. d4 Be6 14. Bf1 Nh7 15. Rad1 Ng5 16. Qg3 exd4 17. Bxd4 Bd7 18. f4 Ne6 19. Be3 Nc7 20. f5 d5 21. Bf4 Rc8 22. f6 g6 23. Bd3 Ne6 24. exd5 Nxf4 25. Qxf4 Rxe1+ 26. Rxe1 Qb6+ 27. Kh1 Qxb2 28.
Ne4 cxd5 29. Nd6 Rc6 30. Re7 Be6 31. Bxg6 Rxd6 32. Re8 fxg6 33. Qxd6 Qxf6 34. Qxe6+ Qxe6 35. Rxe6 Kf7 36. Re3 b6 37. g4 d4 38. Rd3 Bc5 39.
Kg2 Ke6 40. Kf3 Ke5 41. a4 a5 42. Ke2 Kd5 43. Rf3 Be7 44. Kd3 Kc5 45. Rf7 Bh4 46. Rg7 g5 47. Rg6 Kb4 48. Rxh6 Kxa4 49. Rxh4 gxh4 50. g5 Kb5 51. g6 a4 52. g7 a3 53.
g8=Q 1-0